3AAA
GRYFINDOR BRAVES @ LÉVIS ROCKS
06/02/2017
 
TOP OF THE 1ST
Gryfindor Braves batting - Pitching for Lévis Rocks : RHP Jim Unknown
Pitching: RHP Jim Unknown
Batting: RHB Jim Unknown 0-0: Foul Ball, location: 2F
0-1: Foul Ball, location: 2F
0-2: Strikes out looking
Batting: RHB Jim Unknown 0-0: Swinging Strike
0-1: Swinging Strike
0-2: Foul Ball, location: 2F
0-2: Foul Ball, location: 2F
0-2: Ball
1-2: Strikes out swinging
Batting: RHB José Casarreal 0-0: Called Strike
0-1: Fly out, F9 (Flyball, 9M)
Top of the 1st over - 0 run(s), 0 hit(s), 0 error(s), 0 left on base; Gryfindor 0 - Lévis 0
BOTTOM OF THE 1ST
Lévis Rocks batting - Pitching for Gryfindor Braves : RHP Max Moore
Pitching: RHP Max Moore
Batting: SHB Monte Adams 0-0: Foul Ball, location: 2F
0-1: Ground out U3 (Groundball, 3S)
Batting: RHB Bernardo Burgos 0-0: Called Strike
0-1: Foul Ball, location: 2F
0-2: Foul Ball, location: 2F
0-2: Foul Ball, location: 2F
0-2: Ground out 1-3 (Groundball, 13S)
Batting: RHB Dan Holliday 0-0: Ball
1-0: Ball
2-0: Called Strike
2-1: SINGLE (Groundball, 34D)
Batting: RHB Ernie McPherson 0-0: Ball
1-0: Swinging Strike
1-1: Foul Ball, location: 2F
1-2: Strikes out swinging
Bottom of the 1st over - 0 run(s), 1 hit(s), 0 error(s), 1 left on base; Gryfindor 0 - Lévis 0
TOP OF THE 2ND
Gryfindor Braves batting - Pitching for Lévis Rocks : RHP Jim Unknown
Batting: SHB Jim Unknown 0-0: Foul Ball, location: 2F
0-1: Foul Ball, location: 2F
0-2: Strikes out swinging
Batting: RHB Kyle Wilson 0-0: Called Strike
0-1: Ball
1-1: Swinging Strike
1-2: Ball
2-2: Foul Ball, location: 2F
2-2: Strikes out swinging
Batting: LHB Jim Unknown 0-0: Ball
1-0: SINGLE (Line Drive, 8RS)
Batting: RHB Jim Unknown 0-0: Ball
1-0: Ball
2-0: Called Strike
2-1: Called Strike
2-2: Foul Ball, location: 2F
2-2: SINGLE (Flyball, 9S)
Jim Unknown to second
Runner from 2nd tries for 3rd, SAFE, throw made to third
Jim Unknown to second
Batting: RHB Jim Unknown 0-0: Ball
1-0: Called Strike
1-1: Foul Ball, location: 2F
1-2: Ball
2-2: Strikes out swinging
Top of the 2nd over - 0 run(s), 2 hit(s), 0 error(s), 2 left on base; Gryfindor 0 - Lévis 0
BOTTOM OF THE 2ND
Lévis Rocks batting - Pitching for Gryfindor Braves : RHP Max Moore
Batting: RHB Raúl Valadez 0-0: Foul Ball, location: 2F
0-1: Ball
1-1: Ball
2-1: Ball
3-1: Base on Balls
Batting: SHB Bartolo Fernández 0-0: Ball
1-0: Fly out, F7 (Flyball, 78D)
Batting: LHB Jim Unknown 0-0: Ball
Passed Ball!
Raúl Valadez to second
1-0: Foul Ball, location: 2F
1-1: Fly out, F7 (Flyball, 7S)
Batting: RHB Jim Unknown 0-0: Called Strike
0-1: Ground out 1-3 (Groundball, 15S)
Bottom of the 2nd over - 0 run(s), 0 hit(s), 0 error(s), 1 left on base; Gryfindor 0 - Lévis 0
TOP OF THE 3RD
Gryfindor Braves batting - Pitching for Lévis Rocks : RHP Jim Unknown
Batting: SHB Jim Unknown 0-0: Ball
1-0: Foul Ball, location: 2F
1-1: Ball
2-1: Foul Ball, location: 2F
2-2: Strikes out looking
Batting: RHB Jim Unknown 0-0: Ground out 5-3 (Groundball, 5S)
Batting: RHB Jim Unknown 0-0: Called Strike
0-1: Swinging Strike
0-2: Fly out, F9 (Flyball, 89S)
Top of the 3rd over - 0 run(s), 0 hit(s), 0 error(s), 0 left on base; Gryfindor 0 - Lévis 0
BOTTOM OF THE 3RD
Lévis Rocks batting - Pitching for Gryfindor Braves : RHP Max Moore
Batting: LHB Jim Unknown 0-0: Ball
1-0: Fly out, F9 (Flyball, 89S)
Batting: SHB Monte Adams 0-0: Foul Ball, location: 2F
0-1: SOLO HOME RUN (Flyball, 9LD), Distance : 331 ft
Batting: RHB Bernardo Burgos 0-0: Called Strike
0-1: Ball
1-1: Ball
2-1: Ball
3-1: Foul Ball, location: 2F
3-2: Fly out, F7 (Line Drive, 7S)
Batting: RHB Dan Holliday 0-0: Foul Ball, location: 2F
0-1: Ball
1-1: Called Strike
1-2: Ball
2-2: Ball
3-2: Strikes out swinging
Bottom of the 3rd over - 1 run(s), 1 hit(s), 0 error(s), 0 left on base; Gryfindor 0 - Lévis 1
TOP OF THE 4TH
Gryfindor Braves batting - Pitching for Lévis Rocks : RHP Jim Unknown
Batting: RHB José Casarreal 0-0: Ball
1-0: Swinging Strike
1-1: Ball
2-1: Swinging Strike
2-2: DOUBLE (Line Drive, 3L)
Batting: SHB Jim Unknown 0-0: Called Strike
0-1: Ball
1-1: Swinging Strike
1-2: Foul Ball, location: 2F
1-2: Ball
2-2: Ball
3-2: Fly out, F9 (Flyball, 89S)
Batting: RHB Kyle Wilson 0-0: Ball
1-0: SINGLE (Line Drive, 34D)
José Casarreal to third
Batting: LHB Jim Unknown 0-0: Ball
1-0: Foul Ball, location: 2F
1-1: Ball
2-1: Fly out, F8 (Flyball, 8RM)
Runner from 3rd tags up, OUT at HOME
Top of the 4th over - 0 run(s), 2 hit(s), 0 error(s), 1 left on base; Gryfindor 0 - Lévis 1
BOTTOM OF THE 4TH
Lévis Rocks batting - Pitching for Gryfindor Braves : RHP Max Moore
Batting: RHB Ernie McPherson 0-0: Ball
1-0: Ball
2-0: Ball
3-0: Called Strike
3-1: Called Strike
3-2: Foul Ball, location: 2F
3-2: Foul Ball, location: 2F
3-2: SINGLE (Line Drive, 9LS)
Batting: RHB Raúl Valadez 0-0: Fly out, F6 (Popup, 6MD)
Batting: SHB Bartolo Fernández 0-0: Ball
1-0: Ball
2-0: Foul Ball, location: 2F
2-1: 2-RUN HOME RUN (Flyball, 8RXD), Distance : 432 ft
Batting: LHB Jim Unknown 0-0: Ball
1-0: Called Strike
1-1: Foul Ball, location: 2F
1-2: Foul Ball, location: 2F
1-2: Foul Ball, location: 2F
1-2: Ball
2-2: Fly out, F8 (Flyball, 8LM)
Batting: RHB Jim Unknown 0-0: Called Strike
0-1: Ground out 5-3 (Groundball, 15S)
Bottom of the 4th over - 2 run(s), 2 hit(s), 0 error(s), 0 left on base; Gryfindor 0 - Lévis 3
TOP OF THE 5TH
Gryfindor Braves batting - Pitching for Lévis Rocks : RHP Jim Unknown
Batting: RHB Jim Unknown 0-0: Swinging Strike
0-1: Fly out, F6 (Popup, 6D)
Batting: RHB Jim Unknown 0-0: Swinging Strike
0-1: Ball
1-1: Ball
2-1: Ball
3-1: Fly out, F6 (Popup, 4M)
Batting: SHB Jim Unknown 0-0: Called Strike
0-1: Foul Ball, location: 2F
0-2: SINGLE (Line Drive, 4D)
Batting: RHB Jim Unknown 0-0: Ball
1-0: Foul Ball, location: 2F
1-1: Called Strike
1-2: Foul Ball, location: 2F
1-2: Foul Ball, location: 2F
1-2: SINGLE (Groundball, 56D)
Jim Unknown to second
Batting: RHB Jim Unknown 0-0: Ball
1-0: Fly out, F7 (Line Drive, 7S)
Top of the 5th over - 0 run(s), 2 hit(s), 0 error(s), 2 left on base; Gryfindor 0 - Lévis 3
BOTTOM OF THE 5TH
Lévis Rocks batting - Pitching for Gryfindor Braves : RHP Max Moore
Batting: LHB Jim Unknown 0-0: Ball
1-0: Swinging Strike
1-1: Foul Ball, location: 2F
1-2: Ground out U3 (Groundball, 3S)
Batting: SHB Monte Adams 0-0: Ball
1-0: Ground out 4-3 (Groundball, 4)
Batting: RHB Bernardo Burgos 0-0: Called Strike
0-1: Foul Ball, location: 2F
0-2: Ball
1-2: Ball
2-2: SINGLE (Groundball, 6)
Pitching: RHP Sandro So Payo
Batting: RHB Dan Holliday 0-0: Ball
1-0: SINGLE (Line Drive, 5D)
Bernardo Burgos to second
Batting: RHB Ernie McPherson 0-0: Ball
1-0: Fly out, F9 (Line Drive, 9LM)
Bottom of the 5th over - 0 run(s), 2 hit(s), 0 error(s), 2 left on base; Gryfindor 0 - Lévis 3
TOP OF THE 6TH
Gryfindor Braves batting - Pitching for Lévis Rocks : RHP Jim Unknown
Batting: RHB José Casarreal 0-0: Ball
1-0: Called Strike
1-1: Swinging Strike
1-2: Fly out, F7 (Flyball, 7D)
Batting: SHB Jim Unknown 0-0: Ball
1-0: Called Strike
1-1: SINGLE (Groundball, 56D)
Batting: RHB Kyle Wilson 0-0: Swinging Strike
0-1: Ball
1-1: Ball
2-1: Ground out 4-3 (Groundball, 4M)
Jim Unknown to second
Batting: LHB Jim Unknown 0-0: SINGLE (Groundball, 34S)
Jim Unknown to third
Runner from 3rd tries for Home, SAFE, no throw or cutoff
Batting: RHB Jim Unknown 0-0: Called Strike
0-1: Swinging Strike
0-2: Ball
1-2: Strikes out swinging
Top of the 6th over - 1 run(s), 2 hit(s), 0 error(s), 1 left on base; Gryfindor 1 - Lévis 3
BOTTOM OF THE 6TH
Lévis Rocks batting - Pitching for Gryfindor Braves : RHP Sandro So Payo
Batting: RHB Raúl Valadez 0-0: Ball
1-0: Ball
2-0: Ground out 4-3 (Groundball, 6MS)
Batting: SHB Bartolo Fernández 0-0: Called Strike
0-1: Swinging Strike
0-2: Ground out U3 (Groundball, 3)
Batting: LHB Jim Unknown 0-0: Ball
1-0: Ball
2-0: Called Strike
2-1: SINGLE (Groundball, 4MD)
Batting: RHB Jim Unknown 0-0: Called Strike
0-1: Called Strike
0-2: 2-RUN HOME RUN (Flyball, 7D), Distance : 389 ft
Pitching: LHP Keith Hall
Batting: LHB Jim Unknown 0-0: Called Strike
0-1: Called Strike
0-2: Strikes out swinging
Bottom of the 6th over - 2 run(s), 2 hit(s), 0 error(s), 0 left on base; Gryfindor 1 - Lévis 5
TOP OF THE 7TH
Gryfindor Braves batting - Pitching for Lévis Rocks : RHP Jim Unknown
Batting: RHB Jim Unknown 0-0: Swinging Strike
0-1: Foul Ball, location: 2F
0-2: Ball
1-2: Ball
2-2: Ball
3-2: Foul Ball, location: 2F
3-2: Strikes out swinging
Batting: SHB Jim Unknown 0-0: Swinging Strike
0-1: Ball
1-1: Ball
2-1: Ball
3-1: Ground out 3-1 (Groundball, 34)
Batting: RHB Jim Unknown 0-0: Foul Ball, location: 2F
0-1: Ball
1-1: Ball
2-1: Swinging Strike
2-2: Fly out, F7 (Flyball, 78S)
Top of the 7th over - 0 run(s), 0 hit(s), 0 error(s), 0 left on base; Gryfindor 1 - Lévis 5
BOTTOM OF THE 7TH
Lévis Rocks batting - Pitching for Gryfindor Braves : LHP Keith Hall
Batting: SHB Monte Adams 0-0: Ball
1-0: Swinging Strike
1-1: Swinging Strike
1-2: Foul Ball, location: 2F
1-2: SINGLE (Flyball, 6MD)
Batting: RHB Bernardo Burgos 0-0: Ball
1-0: Swinging Strike
1-1: Foul Ball, location: 2F
1-2: Strikes out looking
Batting: RHB Dan Holliday 0-0: Ball
1-0: Ball
2-0: Called Strike
2-1: Foul Ball, location: 2F
2-2: Foul Ball, location: 2F
2-2: SINGLE (Line Drive, 3D)
Monte Adams to second
Batting: RHB Ernie McPherson 0-0: Ball
1-0: Foul Ball, location: 2F
1-1: Ball
2-1: Called Strike
2-2: Strikes out swinging
Batting: RHB Raúl Valadez 0-0: Ball
1-0: Foul Ball, location: 2F
1-1: Hit by Pitch
Monte Adams to third
Dan Holliday to second
Batting: SHB Bartolo Fernández 0-0: Called Strike
0-1: Ball
1-1: Called Strike
1-2: Strikes out swinging
Bottom of the 7th over - 0 run(s), 2 hit(s), 0 error(s), 3 left on base; Gryfindor 1 - Lévis 5
TOP OF THE 8TH
Gryfindor Braves batting - Pitching for Lévis Rocks : RHP Jim Unknown
Batting: RHB Jim Unknown 0-0: Ball
1-0: Foul Ball, location: 2F
1-1: Called Strike
1-2: Strikes out swinging
Pitching: RHP Jim Unknown
Batting: RHB José Casarreal 0-0: Ground out 4-3 (Groundball, 4M)
Batting: SHB Jim Unknown 0-0: Called Strike
0-1: Ground out 3-1 (Groundball, 34S)
Top of the 8th over - 0 run(s), 0 hit(s), 0 error(s), 0 left on base; Gryfindor 1 - Lévis 5
BOTTOM OF THE 8TH
Lévis Rocks batting - Pitching for Gryfindor Braves : LHP Keith Hall
Batting: LHB Jim Unknown 0-0: Foul Ball, location: 2F
0-1: Ball
1-1: Ball
2-1: Ball
3-1: Base on Balls
Batting: RHB Jim Unknown 0-0: Ball
1-0: Fly out, F3 (Popup, 3S)
Batting: LHB Jim Unknown 0-0: Ball
1-0: Ball
2-0: Ball
3-0: Called Strike
3-1: Fly out, F5 (Popup, 6)
Batting: SHB Monte Adams 0-0: Called Strike
0-1: Ball
1-1: Foul Ball, location: 2F
1-2: Strikes out looking
Bottom of the 8th over - 0 run(s), 0 hit(s), 0 error(s), 1 left on base; Gryfindor 1 - Lévis 5
TOP OF THE 9TH
Gryfindor Braves batting - Pitching for Lévis Rocks : RHP Jim Unknown
Batting: RHB Kyle Wilson 0-0: Foul Ball, location: 2F
0-1: Ground out 5-3 (Groundball, 5)
Batting: LHB Jim Unknown 0-0: SINGLE (Groundball, 4MD) (infield hit)
Batting: RHB Jim Unknown 0-0: Foul Ball, location: 2F
0-1: SINGLE (Groundball, 56)
Jim Unknown to second
Pitching: RHP Greg White
Batting: RHB Jim Unknown 0-0: Foul Ball, location: 2F
0-1: Ball
1-1: Ball
2-1: Swinging Strike
2-2: Foul Ball, location: 2F
2-2: Strikes out swinging
Batting: SHB Jim Unknown 0-0: Fly out, F7 (Flyball, 7LM)
Top of the 9th over - 0 run(s), 2 hit(s), 0 error(s), 2 left on base; Gryfindor 1 - Lévis 5
This league is powered by Out of the Park Baseball, the baseball management simulation game for PC, Mac and Linux
Saturday, February 27th, 2021 - OOTP Baseball 15.6 Build 34